 Dungeon Crawl Stone Soup version 0.29-a0-356-g7bc237e783 (webtiles) character file.

Game seed: 8498463603570167079

983 Hubjo the Firebug (level 7, -1/41 HPs)
             Began as a Deep Elf Fire Elementalist on Apr 24, 2022.
             Was an Initiate of Yredelemnul.
             Slain by Zakronia's ghost (15 damage)
             ... on level 5 of the Dungeon on Apr 25, 2022.
             The game lasted 00:12:21 (6911 turns).

Hubjo the Firebug (Deep Elf Fire Elementalist)      Turns: 6911, Time: 00:12:22

Health: -1/41      AC:  9    Str: 11    XL:     7   Next: 96%
Magic:  7/18       EV: 13    Int: 20    God:    Yredelemnul [......]
Gold:   231        SH:  0    Dex: 19    Spells: 13/18 levels left

rFire   . . .      SeeInvis +   x - +2 falchion (vamp)
rCold   + . .      Faith    +   (no shield)
rNeg    . . .      Spirit   .   B - +2 leather armour {rC+}
rPois   .          Reflect  .   (no helmet)
rElec   .          Harm     .   (no cloak)
rCorr   .          Rampage  .   (no gloves)
Will    .....                   (no boots)
Stlth   +++.......              o - amulet of faith
HPRegen 0.13/turn               e - +4 ring of protection
MPRegen 0.16/turn               u - +6 ring of strength

@: about to teleport
A: see invisible, agile 1, sturdy frame 1
a: Renounce Religion, Recall Undead Harvest


You were on level 5 of the Dungeon.
You worshipped Yredelemnul.
Yredelemnul was noncommittal.
You visited 1 branch of the dungeon, and saw 5 of its levels.

You collected 231 gold pieces.

Inventory:

Hand Weapons
 c - a +0 short sword
 g - a +2 dagger of venom
 x - a +2 vampiric falchion (weapon)
Armour
 a - a +0 robe
 B - a +2 leather armour of cold resistance (worn)
Magical Staves
 f - a staff of conjuration
Jewellery
 e - a +4 ring of protection (left hand)
 i - an amulet of reflection
 o - an amulet of faith (around neck)
 r - an amulet of regeneration
 u - a +6 ring of strength (right hand)
 A - an amulet of the acrobat
Scrolls
 h - a scroll of brand weapon
 j - 2 scrolls of teleportation
 k - a scroll of enchant armour
 s - a scroll of magic mapping
 t - a scroll of fog
 v - a scroll of amnesia
 z - a scroll of blinking
Potions
 b - 2 potions of magic
 d - a potion of ambrosia {unknown}
 l - 2 potions of resistance
 m - 3 potions of mutation
 n - a potion of curing {unknown}
 p - 2 potions of lignification
 q - 2 potions of heal wounds {unknown}
 w - a potion of brilliance {unknown}


   Skills:
 + Level 3.6 Fighting
 - Level 2.4 Dodging
 + Level 5.8 Stealth
 + Level 6.2 Spellcasting
 - Level 1.1 Conjurations
 * Level 6.6 Fire Magic


You had 13 spell levels left.
You knew the following spells:

 Your Spells              Type           Power      Damage    Failure   Level
a - Foxfire               Conj/Fire      84%        2x1d8     2%          1
b - Flame Wave            Conj/Fire      21%        2d7       22%         4

Your spell library contained the following spells:

 Spells                   Type           Power      Damage    Failure   Level
 Scorch                   Fire           64%        2d8       1%          2
 Conjure Flame            Conj/Fire      21%        6-21      7%          3
 Inner Flame              Hex/Fire       19%        N/A       9%          3
 Animate Skeleton         Necr           12%        N/A       11%         1
 Apportation              Tloc           12%        N/A       11%         1
 Summon Small Mammal      Summ           24%        N/A       11%         1
 Static Discharge         Conj/Air       8%         N/A       13%         2
 Ensorcelled Hibernation  Hex/Ice        12%        N/A       17%         2
 Passwall                 Tmut/Erth      5%         N/A       17%         2
 Sticky Flame             Conj/Fire      21%        2d4       22%         4
 Gell's Gravitas          Tloc           6%         N/A       32%         3
 Lesser Beckoning         Tloc           6%         N/A       32%         3
 Swiftness                Air            6%         N/A       32%         3
 Teleport Other           Tloc           6%         N/A       32%         3
 Dispel Undead            Necr           6%         3d8       73%         4


Dungeon Overview and Level Annotations

Branches:
Dungeon (5/15)
 Temple: D:4-7

Altars:
Fedhas
Sif Muna
Trog
Yredelemnul

Annotations:
D:5 Zakronia's ghost, novice HOFi


Innate Abilities, Weirdness & Mutations

You have supernaturally acute eyesight. (SInv)
You are agile. (Dex +2)
Your movements are slightly less encumbered by armour. (ER -2)


Message History

Your orc wizard zombie barely misses Zakronia's ghost.
Your orc zombie hits Zakronia's ghost but does no damage.
Your spectral jelly hits Zakronia's ghost but does no damage.
Really fire at your orc zombie?
A wave of flame ripples out!
The flame wave engulfs Zakronia's ghost but does no damage.
Zakronia's ghost is lightly damaged.
The flame wave engulfs your orc zombie.
You destroy your orc zombie!
The flame wave engulfs your spectral jelly!
Your spectral jelly is heavily damaged.
The flame wave engulfs your orc wizard zombie.
Your orc wizard zombie is lightly damaged.
Zakronia's ghost hits you but does no damage.
Your spectral white imp hits the spectral jelly.
Really fire at your spectral white imp?
A wave of flame ripples out!
The flame wave engulfs Zakronia's ghost but does no damage.
Zakronia's ghost is lightly damaged.
The flame wave engulfs the spectral jelly.
The spectral jelly is severely damaged.
The flame wave engulfs the orc wizard zombie!
The orc wizard zombie is heavily damaged.
The flame wave engulfs your spectral white imp but does no damage.
You finish channelling waves of flame.
You hear a shout!
Zakronia's ghost hits you but does no damage.
Your spectral white imp hits the orc wizard zombie.
The spectral jelly misses you.
As you read the scroll of teleportation, it crumbles to dust.
You feel strangely unstable. Zakronia's ghost closely misses you.
The spectral jelly hits you but does no damage.
Zakronia's ghost attacks as you move away!
Zakronia's ghost hits you.
The spectral jelly attacks as you move away!
The spectral jelly closely misses you.
Zakronia's ghost attacks as you move away!
Zakronia's ghost hits you!
You die...
Your body rises from the dead as a mindless zombie.

........'...'......ZZ##..........
#..#...##...##.#####.............
#..######...##....)..............
#Z.# #<........##...##########
...# #..............# ### #
#Z#######.##..........#######.# #
#........Z.+..........#.....#.# #
.........#.#.....WZ...#(...(#.###
.........#......@Z....'..(..#..##
.........#.#.....Z....'....(#)...
.........#.#..........'.(...#...Z
.........#.#..........#...8.#..Z#
......Z..#Z#####......#(..(.#...#
......ZZ.#.### #.....########...#
#####.Z.ZZZ..# ########....ZZZ..#
#####Z####.### #####..##Z#
.....Z# #.# #.....ZZ


You could see a spectral jelly, Zakronia's ghost (ally target), an orc wizard
zombie and a friendly spectral white imp.

Vanquished Creatures
  A water moccasin (D:4)
  A black bear (D:3)
  2 bullfrogs
  A jelly (D:5)
  A hound (D:5)
  An iguana (D:5)
  7 orc wizards
  Robin (D:4)
  6 adders (D:4)
  A white imp (D:5)
  A worm (D:2)
  3 dart slugs
  23 orcs
  7 ball pythons
  5 bats
  An endoplasm (D:2)
  A giant cockroach (D:4)
  7 goblins
  6 hobgoblins
  8 quokkas
  A frilled lizard (D:2)
  6 kobolds
  An orc zombie (D:5)
  10 rats
102 creatures vanquished.

Vanquished Creatures (collateral kills)
  Edmund (D:4)
  A hound (D:5)
  An orc wizard (D:5)
  3 gnolls (D:3)
  2 goblins (D:4)
  4 hobgoblins (D:4)
  A bat (D:3)
  4 foxfires (D:2)
17 creatures vanquished.

Vanquished Creatures (others)
  2 bullfrog zombies
  A hound zombie (D:5)
  5 adder zombies (D:4)
  An iguana zombie (D:5)
  A bat zombie (D:2)
  2 hobgoblin zombies (D:4)
  A ball python zombie (D:3)
  2 giant cockroach zombies
  A gnoll zombie (D:3)
  9 orc zombies
  2 quokka zombies
  A rat zombie (D:3)
  450 foxfires
  9 plants (D:2)
487 creatures vanquished.

Grand Total: 606 creatures vanquished

Notes
Turn   | Place    | Note
-------+----------+-------------------------------------------
     0 | D:1      | Hubjo the Deep Elf Fire Elementalist began the quest for
                  | the Orb.
     0 | D:1      | Reached XP level 1. HP: 10/10 MP: 6/6
   572 | D:1      | Reached XP level 2. HP: 16/16 MP: 2/8
   848 | D:1      | Reached skill level 1 in Fighting
  1436 | D:2      | Reached XP level 3. HP: 20/20 MP: 3/9
  1807 | D:2      | Found a faded altar of an unknown god.
  1878 | D:2      | Prayed at the altar of an unknown god.
  1878 | D:2      | Became a worshipper of Yredelemnul the Dark
  1878 | D:2      | Reached * piety under Yredelemnul
  2594 | D:2      | Gained mutation: You are weak. (Str -2) [potion of
                  | mutation]
  2594 | D:2      | Gained mutation: You are agile. (Dex +2) [potion of
                  | mutation]
  2594 | D:2      | Gained mutation: You sometimes lose the ability to read
                  | scrolls when taking damage. [potion of mutation]
  2595 | D:2      | Lost mutation: You sometimes lose the ability to read
                  | scrolls when taking damage. [potion of mutation]
  2595 | D:2      | Lost mutation: You are weak. (Str -2) [potion of mutation]
  2595 | D:2      | Gained mutation: Your movements are slightly less
                  | encumbered by armour. (ER -2) [potion of mutation]
  2595 | D:2      | Gained mutation: You have supernaturally acute eyesight.
                  | (SInv) [potion of mutation]
  2625 | D:3      | Reached XP level 4. HP: 19/26 MP: 3/11
  2731 | D:3      | Noticed a black bear
  2746 | D:3      | Killed a black bear
  2747 | D:3      | Reached XP level 5. HP: 31/31 MP: 0/13
  2757 | D:3      | Learned a level 4 spell: Flame Wave
  3363 | D:3      | Reached ** piety under Yredelemnul
  4094 | D:4      | Noticed a water moccasin
  4109 | D:4      | Killed a water moccasin
  4110 | D:4      | Reached skill level 5 in Fire Magic
  4110 | D:4      | Reached XP level 6. HP: 36/36 MP: 3/15
  4388 | D:4      | Found a bloodstained altar of Trog.
  4466 | D:4      | Reached skill level 5 in Spellcasting
  4484 | D:4      | Found a blossoming altar of Fedhas.
  4496 | D:4      | Noticed Edmund
  4504 | D:4      | Killed Edmund
  4505 | D:4      | Reached skill level 5 in Stealth
  4505 | D:4      | Reached XP level 7. HP: 41/41 MP: 6/17
  4957 | D:4      | Noticed Robin
  4975 | D:4      | Killed Robin
  4982 | D:4      | Your ally Robin died
  5164 | D:5      | Entered Level 5 of the Dungeon
  6070 | D:5      | Found a shimmering blue altar of Sif Muna.
  6190 | D:5      | Reached *** piety under Yredelemnul
  6222 | D:5      | Found a runed translucent gate.
  6222 | D:5      | Found a runed translucent gate.
  6222 | D:5      | Found a runed translucent gate.
  6776 | D:5      | Upgraded the game from 0.29-a0-352-g0917bc69df to
                  | 0.29-a0-356-g7bc237e783
  6881 | D:5      | Noticed Zakronia's ghost (novice HOFi)
  6911 | D:5      | Slain by Zakronia's ghost

Illustrated notes

Levels and vault maps discovered:
D:1:      dpeg_arrival_erosion, layout_rooms
D:2:      layout_loops_ring, shapermc_ecumenical_altar_starsandcircs,
          nrook_mini_vaults, serial_bayou_ford_a, minmay_surrounded
D:3:      layout_loops_cross
D:4:      layout_basic, mainiacjoe_overflow_alcove_1, old_standard_altar,
          kennysheep_small_square, uniq_edmund, uniq_robin
D:5:      layout_basic, mainiacjoe_overflow_brackets, ebering_ghost_rock_garden

Skill      XL: |  1  2  3  4  5  6  7 |
---------------+----------------------+-----
Fighting       | 1 2 3 |  3.6
Stealth        | 3 4 5 |  5.8
Spellcasting   | 4 5 6 |  6.2
Fire Magic     | 4 5 6 |  6.6
Dodging        | |  2.4
Conjurations   | |  1.1

Action                   |  1- 3 |  4- 6 |  7- 9 || total
-------------------------+-------+-------+-------++-------
Melee: Short sword       |     1 |       |       ||     1
       Dagger            |     6 |    27 |     1 ||    34
       Falchion          |       |       |    74 ||    74
 Cast: Foxfire           |   135 |    92 |    74 ||   301
       Flame Wave        |       |       |     1 ||     1
Invok: Recall Undead Har |       |     1 |       ||     1
  Use: Scroll            |     4 |       |     7 ||    11
       Potion            |     2 |       |       ||     2
 Stab: Sleeping          |       |     4 |     2 ||     6
       Distracted        |       |     1 |     2 ||     3
Armor: Robe              |     8 |     8 |    22 ||    38
       Leather armour    |       |       |     3 ||     3
Dodge: Dodged            |     6 |     6 |    56 ||    68
Block: Other             |     1 |       |       ||     1

Table legend: (Time is in decaauts)
 A = Elapsed time spent in this place.
 B = Non-inter-level travel time spent in this place.
 C = Inter-level travel time spent in this place.
 D = Time resting spent in this place.
 E = Time spent auto-exploring this place.
 F = Levels seen in this place.
 G = Mean time per level.
                   A        B        C        D        E       F      G
               +--------+--------+--------+--------+--------+-----+--------+
         Total |   6940 |   6900 |     40 |    434 |   5492 |   5 | 1388.0 |
       Dungeon |   6940 |   6900 |     40 |    434 |   5492 |   5 | 1388.0 |
               +--------+--------+--------+--------+--------+-----+--------+

Top non-repeatable levels by time:
     D:5: 1763 daAuts
     D:4: 1536 daAuts
     D:2: 1390 daAuts
     D:1: 1215 daAuts
     D:3: 1034 daAuts
